 Dungeon Crawl Stone Soup version 0.27-a0-1291-geefcff550b (webtiles) character file.

Game seed: 1628489064219784484

28 freelancePsychic the Insei (level 3, -2/27 HPs)
             Began as a Demonspawn Transmuter on June 15, 2021.
             Slain by Natasha (5 damage)
             ... on level 2 of the Dungeon.
             The game lasted 00:02:57 (896 turns).

freelancePsychic the Insei (Demonspawn Transmuter)   Turns: 896, Time: 00:02:58

Health: -2/27      AC:  2    Str: 10    XL:     3   Next: 0%
Magic:  6/6        EV: 12    Int: 15    God:
Gold:   71         SH:  0    Dex: 13    Spells: 5/6 levels left

rFire    . . .     SeeInvis .   b - +0 dagger
rCold    . . .     Faith    .   (no shield)
rNeg     . . .     Spirit   .   a - +0 robe
rPois    .         Reflect  .   (no helmet)
rElec    .         Harm     .   c - scarf {repulsion}
rCorr    .         Rampage  .   (no gloves)
Will     +....                  (no boots)
Stlth    +.........             (no amulet)
HPRegen  0.09/turn              d - ring of willpower
MPRegen  0.10/turn              (no ring)

@: slowed, repel missiles, very slow
A: talons 2
a: no special abilities


You were on level 2 of the Dungeon.
You visited 1 branch of the dungeon, and saw 2 of its levels.

You collected 71 gold pieces.

Inventory:

Hand Weapons
 b - a +0 dagger (weapon)
Armour
 a - a +0 robe (worn)
 c - a scarf of repulsion (worn)
Jewellery
 d - a ring of willpower (left hand)


   Skills:
 + Level 1.8 Fighting
 - Level 1.7 Dodging
 - Level 2.6 Unarmed Combat
 - Level 2.0 Spellcasting
 + Level 2.3 Transmutations
 + Level 1.3 Poison Magic


You had 5 spell levels left.
You knew the following spells:

 Your Spells              Type           Power      Damage    Failure   Level
a - Beastly Appendage     Tmut           16%        N/A       9%          1

Your spell library contained the following spells:

 Spells                   Type           Power      Damage    Failure   Level
 Wereblood                Tmut           8%         N/A       13%         2
 Spider Form              Tmut/Pois      3%         N/A       30%         3
 Ice Form                 Ice/Tmut       5%         N/A       80%         4


Dungeon Overview and Level Annotations

Branches:
Dungeon (2/15)

Altars:

Annotations:
D:2 Natasha


Innate Abilities, Weirdness & Mutations

You have razor-sharp toenails.


Message History

Natasha misses you.
You hit Natasha. Your kick misses Natasha.
Natasha is lightly wounded.
Natasha closely misses you.
You hit Natasha.
Natasha is moderately wounded.
Natasha closely misses you.
You closely miss Natasha. You headbutt Natasha.
Natasha is severely wounded.
Natasha stares at you and mumbles some strange words.
The magic dart hits you!
You barely miss Natasha. Your kick misses Natasha.
Natasha is severely wounded.
Natasha stares at you and mumbles some strange words.
The magic dart hits you!
* * * LOW HITPOINT WARNING * * *
You hit Natasha but do no damage. Your headbutt misses Natasha.
Natasha is severely wounded.
Natasha mumbles some strange words.
You hit Natasha but do no damage. You claw Natasha, but do no damage.
Natasha is severely wounded.
The crimson imp blinks!
Natasha claws you but does no damage.
You hit Natasha but do no damage.
Natasha is severely wounded.
Natasha closely misses you.
You closely miss Natasha. Your kick misses Natasha.
Your headbutt misses Natasha.
Natasha is severely wounded.
Natasha closely misses you.
You hit Natasha but do no damage. Your kick misses Natasha.
You headbutt Natasha.
Natasha is almost dead.
The crimson imp laughs crazily.
Natasha stares at you and mumbles some strange words.
You feel yourself slow down.
You hit Natasha but do no damage.
Natasha is almost dead.
Your horns disappear.
The crimson imp blinks!
Natasha claws you.
You die...

#.# #.# #.# #.#
#.........#
###.##########......[..#
#....>......##.........#
#.#..........+.........#
#.##.......#.#.........#
#.##.......#@#.........#
#.##....####h#.........#
#.###.##...5ยง...).($....
#.# #............#####..
#.# #............#
#####.###......[...#.#####
#........................+
#....................#####
.............######..#


You could see Natasha and a crimson imp (summoned).

Vanquished Creatures
  An adder (D:2)
  2 dart slugs (D:1)
  4 ball pythons (D:1)
  A bat (D:1)
  2 hobgoblins (D:1)
  A frilled lizard (D:1)
  3 kobolds
  3 rats
17 creatures vanquished.

Notes
Turn   | Place    | Note
-------+----------+-------------------------------------------
     0 | D:1      | freelancePsychic the Demonspawn Transmuter began the quest
                  | for the Orb.
     0 | D:1      | Reached XP level 1. HP: 15/15 MP: 3/3
   232 | D:1      | Gained mutation: You have sharp toenails. [demonic
                  | ancestry]
   232 | D:1      | Reached XP level 2. HP: 17/21 MP: 5/5
   365 | D:1      | Reached skill level 1 in Poison Magic
   855 | D:2      | Gained mutation: You have razor-sharp toenails. [demonic
                  | ancestry]
   855 | D:2      | Reached XP level 3. HP: 27/27 MP: 4/6
   874 | D:2      | Noticed Natasha
   896 | D:2      | Slain by Natasha

Illustrated notes

Levels and vault maps discovered:
D:1:      ebering_trefoil_3fold, layout_rooms, serial_shops, shop,
          nrook_campfire, minmay_tripent
D:2:      layout_basic, uniq_natasha

Skill      XL: |  1  2 |
---------------+-------+-----
Transmutations | 2 |  2.3
Poison Magic   | 1 |  1.3
Fighting       | |  1.8
Dodging        | |  1.7
Unarmed Combat | |  2.6
Spellcasting   | |  2.0

Action                   || total
-------------------------++-------
Melee: Unarmed           ||    10
       Dagger            ||    50
       Kick              ||    12
       Headbutt          ||     7
       Punch             ||     1
 Cast: Beastly Appendage ||    10
Armor: Robe              ||     8
Dodge: Dodged            ||    35

Table legend: (Time is in decaauts)
 A = Elapsed time spent in this place.
 B = Non-inter-level travel time spent in this place.
 C = Inter-level travel time spent in this place.
 D = Time resting spent in this place.
 E = Time spent auto-exploring this place.
 F = Levels seen in this place.
 G = Mean time per level.
                   A        B        C        D        E       F      G
               +--------+--------+--------+--------+--------+-----+--------+
         Total |    894 |    894 |      0 |    379 |    275 |   2 |  447.0 |
       Dungeon |    894 |    894 |      0 |    379 |    275 |   2 |  447.0 |
               +--------+--------+--------+--------+--------+-----+--------+

Top non-repeatable levels by time:
     D:1: 530 daAuts
     D:2: 363 daAuts
